 Dungeon Sprint DCSS version 0.22.1-2-g9c5b331383 (webtiles) character file.

41974 Groucho the Tortoise (level 13, -4/145 HPs)
             Began as a Troll Monk on Dec 8, 2018.
             Was the Champion of Cheibriados.
             Killed from afar by a wizard (36 damage)
             ... with a fireball
             ... in the Dungeon (Sprint IX: "|||||||||||||||||||||||||||||").
             The game lasted 00:14:05 (4341 turns).

Groucho the Tortoise (Troll Monk)                   Turns: 4341, Time: 00:14:05

Health: -4/145     AC: 17    Str: 37    XL:     13   Next: 82%
Magic:  21/21      EV: 25    Int: 24    God:    Cheibriados [******]
Gold:   1366       SH:  0    Dex: 34    Spells: 12/12 levels left

rFire    . . .     SeeInvis .     - Unarmed
rCold    . . .     Gourm    +   (no shield)
rNeg     . . .     Faith    .   y - +0 swamp dragon scales
rPois    +         Spirit   .   (helmet restricted)
rElec    .         Reflect  .   u - +0 cloak (curse)
rCorr    .         Harm     .   (gloves unavailable)
MR       .....     NoTele   +   (boots unavailable)
Stlth    ++........             (no amulet)
HPRegen  0.74/turn              m - +3 ring of intelligence
MPRegen  0.17/turn              n - +3 ring of dexterity

@: very slow
A: large, unfitting armour, claws 3, fast metabolism 3, gourmand, regeneration
1, shaggy fur 1, tough skin 2
a: Bend Time, Temporal Distortion, Slouch, Step From Time, Renounce Religion


You were in the Dungeon.
You worshipped Cheibriados.
Cheibriados was exalted by your worship.
You were full.

You visited 1 branch You collected 1909 gold pieces.
You spent 543 gold pieces at shops.

Inventory:

Missiles
 D - 6 javelins (quivered)
Armour
 r - a +1 robe of resistance
 t - the +2 hat "Faeketaom" {rPois rF- Str+4}
   (You bought it in a shop in the Dungeon)

   It affects your strength (+4).
   It makes you vulnerable to fire.
   It protects you from poison.
 u - a cursed +0 cloak (worn)
 x - +0 storm dragon scales
 y - +0 swamp dragon scales (worn)
Jewellery
 l - an uncursed ring of protection from magic
 m - a +3 ring of intelligence (left claw)
 n - a +3 ring of dexterity (right claw)
 v - an uncursed ring of ice
 w - an uncursed ring of protection from fire
Wands
 k - a wand of iceblast (10)
 s - a wand of scattershot (5)
Scrolls
 a - a scroll of immolation
 e - a scroll of random uselessness
 h - 4 scrolls of blinking
 i - 5 scrolls of remove curse
 j - 3 scrolls of amnesia
 o - 2 scrolls of identify
 p - 2 scrolls of enchant weapon
 q - a scroll of fog
 A - 2 scrolls of fear
 B - 2 scrolls of enchant armour
Potions
 c - 3 potions of curing
 f - 4 potions of magic
 g - a potion of might
 z - a potion of agility
Comestibles
 b - 11 rations


   Skills:
 + Level 13.9 Fighting
 + Level 17.5 Armour
 + Level 13.9 Dodging
 - Level 1.0 Stealth
 + Level 16.8 Unarmed Combat
 - Level 12.5 Invocations


You had 12 spell levels left.
You didn't know any spells.
Your spell library was empty.

Dungeon Overview and Level Annotations

Branches:
Dungeon (1/1)

Altars:
Cheibriados
Dithmenos
Elyvilon
Fedhas
Gozag
Hepliaklqana
Kikubaaqudgha
Makhleb
Nemelex Xobeh
Okawaru
Qazlal
Ru
Sif Muna
Trog
Uskayaw
Vehumet
Wu Jian
Xom
Yredelemnul
Zin
The Shining One
Beogh
Jiyva
Lugonu

Shops:
D ?*([


Innate Abilities, Weirdness & Mutations

You are too large for most types of armour.
You have claws for hands.
Your metabolism is lightning-fast.
You like to eat raw meat.
Your natural rate of healing is unusually fast.
You are covered in fur. (AC +1)
You have very tough skin. (AC +2)


Message History

* * * LOW HITPOINT WARNING * * *
You feel much better.
The wizard points at you and mumbles some strange words.
You resist with significant effort.
The spriggan berserker utters an invocation to Trog.
The elephant goes berserk!
The frost giant gestures at you while chanting.
The bolt of cold misses you.
You feel much better. The wizard casts a spell at you.
The fireball explodes!
The fireball engulfs you!
* * * LOW HITPOINT WARNING * * *
The frost giant hits you with a battleaxe of freezing!
* * * LOW HITPOINT WARNING * * *
The frost giant freezes you.
* * * LOW HITPOINT WARNING * * *
You feel better. The wizard casts a spell at you.
The fireball explodes!
The fireball engulfs you!
You die...

.▓.▓.▓.▓.▓.▓(▓.▓
.▓.▓.▓.▓[▓.▓'▓.▓.▓
.▓.▓.▓.▓[▓.▓.▓.▓Y▓
÷▓.▓.▓.▓.▓.▓(▓.▓Y▓
.▓.▓.▓.▓)▓.▓.▓.▓i▓
†▓.▓.▓.▓)▓.▓.▓)▓T▓
.▓.▓.▓.▓)▓.▓.▓.▓c▓
.▓.▓)▓.▓)▓.▓.▓.▓C▓
.▓.▓)▓.▓)▓.▓.▓.▓@▓
.▓.▓.▓.▓)▓.▓.▓.▓)▓
.▓.▓)▓.▓)▓.▓.▓.▓(▓
)▓.▓)▓.▓)▓.▓'▓.▓.▓
.▓.▓)▓.▓.▓.▓.▓.▓[▓
.▓.▓'▓.▓.▓.▓.▓.▓.▓
.▓.▓.▓.▓.▓.▓.▓.▓p▓
.▓.▓.▓.▓=▓.▓.▓.▓.▓
.▓.▓.▓.▓.▓)▓.▓.▓.▓


You could see a frost giant, a death yak (berserk), a yaktaur captain, an
elephant (berserk), a spriggan berserker, a deep troll earth mage and a wizard.

Vanquished Creatures
  Saint Roka (D)
  Donald (D)
  A fire giant (D)
  A very ugly thing (D)
  A stone giant (D)
  4 ettins (D)
  A fire dragon (D)
  A yaktaur captain (D)
  An ice dragon (D)
  2 hydras (D)
  A centaur warrior (D)
  An alligator (D)
  A death knight (D)
  3 two-headed ogres (D)
  A deep troll shaman (D)
  Urug (D)
  A tengu warrior (D)
  A spriggan berserker (D)
  A naga sharpshooter (D)
  An orc high priest (D)
  A shock serpent (D)
  2 sea snakes (D)
  4 orc knights (D)
  2 wolf spiders (D)
  2 mana vipers (D)
  7 orc sorcerers (D)
  A cyclops (D)
  A harpy (D)
  A manticore (D)
  A merfolk siren (D)
  Maurice (D)
  2 elephants (D)
  3 black mambas (D)
  2 naga magi (D)
  A torpor snail (D)
  3 spiny frogs (D)
  Joseph (D)
  A demonic crawler (D)
  A komodo dragon (D)
  A yaktaur (D)
  A tengu conjurer (D)
  2 merfolk (D)
  A hornet (D)
  A snapping turtle (D)
  A shadow (D)
  A wraith (D)
  A redback (D)
  A water elemental (D)
  4 tarantellas (D)
  2 basilisks (D)
  2 vampire mosquitoes (D)
  3 wargs (D)
  An acid dragon (D)
  3 hell hounds (D)
  A water moccasin (D)
  A porcupine (D)
  A swamp drake (D)
  10 orc warriors (D)
  2 centaurs (D)
  A boggart (D)
  2 wolves (D)
  An ogre (D)
  5 crocodiles (D)
  A big kobold (D)
  4 bullfrogs (D)
  A scorpion (D)
  A crimson imp (D)
  4 orc priests (D)
  A hound (D)
  8 orc wizards (D)
  2 worker ants (D)
  An adder zombie (D)
  11 orcs (D)
  A bat skeleton (D)
  A bat zombie (D)
  2 giant cockroaches (D)
  A hobgoblin (D)
  A jackal (D)
  A jackal skeleton (D)
  2 rats (D)
155 creatures vanquished.

Vanquished Creatures (others)
  A spiny frog (D)
1 creature vanquished.

Grand Total: 156 creatures vanquished

Notes
Turn   | Place    | Note
-------+----------+-------------------------------------------
     0 | D        | Groucho the Troll Monk began the quest for the Orb.
     0 | D        | Reached XP level 1. HP: 22/22 MP: 0/0
    42 | D        | Noticed a worker ant
    42 | D        | Noticed an ogre
    42 | D        | Noticed a centaur
    47 | D        | Killed a centaur
    47 | D        | Reached XP level 2. HP: 31/32 MP: 1/1
    47 | D        | Reached XP level 3. HP: 37/39 MP: 2/2
    47 | D        | Reached XP level 4. HP: 46/48 MP: 3/3
    53 | D        | Killed an ogre
    53 | D        | Reached skill level 5 in Fighting
    53 | D        | Reached skill level 5 in Dodging
    53 | D        | Reached XP level 5. HP: 57/57 MP: 4/4
    69 | D        | Found a roughly hewn altar of Beogh.
    69 | D        | Found a snail-covered altar of Cheibriados.
    69 | D        | Found a shadowy altar of Dithmenos.
    69 | D        | Found a white marble altar of Elyvilon.
    69 | D        | Found a blossoming altar of Fedhas.
    69 | D        | Found an opulent altar of Gozag.
    70 | D        | Found a hazy altar of Hepliaklqana.
    71 | D        | Found a viscous altar of Jiyva.
    72 | D        | Found an ancient bone altar of Kikubaaqudgha.
    73 | D        | Became a worshipper of Cheibriados the Contemplative
    73 | D        | Reached * piety under Cheibriados
    73 | D        | Reached ** piety under Cheibriados
   416 | D        | Found a corrupted altar of Lugonu.
   417 | D        | Found a burning altar of Makhleb.
   418 | D        | Found a sparkling altar of Nemelex Xobeh.
   419 | D        | Found an iron altar of Okawaru.
   420 | D        | Found a stormy altar of Qazlal.
   421 | D        | Found a sacrificial altar of Ru.
   422 | D        | Found a deep blue altar of Sif Muna.
   423 | D        | Found a bloodstained altar of Trog.
   424 | D        | Found a hide-covered altar of Uskayaw.
   425 | D        | Found a radiant altar of Vehumet.
   426 | D        | Found an ornate altar of the Wu Jian Council.
   427 | D        | Found a shimmering altar of Xom.
   428 | D        | Found a basalt altar of Yredelemnul.
   429 | D        | Found a glowing silver altar of Zin.
   430 | D        | Found a glowing golden altar of the Shining One.
   464 | D        | Noticed a two-headed ogre
   468 | D        | Reached skill level 1 in Invocations
   485 | D        | Killed a two-headed ogre
   485 | D        | Reached skill level 10 in Unarmed Combat
   485 | D        | Reached skill level 5 in Invocations
   485 | D        | Reached XP level 6. HP: 29/71 MP: 2/9
   485 | D        | Reached XP level 7. HP: 32/78 MP: 2/10
   487 | D        | Reached *** piety under Cheibriados
   491 | D        | Reached **** piety under Cheibriados
   497 | D        | Noticed a centaur warrior
   497 | D        | Noticed a two-headed ogre
   497 | D        | Noticed a two-headed ogre
   497 | D        | Noticed a wraith
   503 | D        | Killed a wraith
   503 | D        | Reached XP level 8. HP: 36/88 MP: 5/11
   506 | D        | Killed a two-headed ogre
   508 | D        | Reached ***** piety under Cheibriados
   510 | D        | Killed a two-headed ogre
   510 | D        | Reached XP level 9. HP: 45/98 MP: 6/14
   517 | D        | Killed a centaur warrior
   787 | D        | Noticed a spiny frog
   787 | D        | Noticed a spiny frog
   787 | D        | Noticed a komodo dragon
   796 | D        | Noticed an elephant
   797 | D        | Killed a komodo dragon
   798 | D        | Reached ****** piety under Cheibriados
   798 | D        | Reached skill level 10 in Fighting
   798 | D        | Reached skill level 10 in Dodging
   799 | D        | Killed a spiny frog
   800 | D        | Killed a spiny frog
   800 | D        | Reached XP level 10. HP: 110/110 MP: 14/16
   803 | D        | Killed an elephant
   817 | D        | Noticed an elephant
   821 | D        | Killed an elephant
   821 | D        | Reached skill level 10 in Invocations
  1166 | D        | Noticed Maurice
  1174 | D        | Killed Maurice
  1513 | D        | Noticed Joseph
  1522 | D        | Killed Joseph
  1548 | D        | Noticed an orc knight
  1556 | D        | Killed an orc knight
  1601 | D        | Noticed an orc high priest
  1601 | D        | Noticed an orc knight
  1601 | D        | Noticed an orc knight
  1604 | D        | Killed an orc knight
  1604 | D        | Reached XP level 11. HP: 122/122 MP: 18/18
  1610 | D        | Killed an orc knight
  1625 | D        | Killed an orc high priest
  1627 | D        | Noticed an orc knight
  1627 | D        | Noticed an orc sorcerer
  1631 | D        | Killed an orc sorcerer
  1633 | D        | Killed an orc knight
  1633 | D        | Reached skill level 15 in Unarmed Combat
  1911 | D        | Found Coplun's Antique Armour Boutique.
  1911 | D        | Noticed an orc sorcerer
  1914 | D        | Killed an orc sorcerer
  1915 | D        | Noticed an orc sorcerer
  1916 | D        | Noticed an orc sorcerer
  1917 | D        | Found Udou's Weapon Shop.
  1922 | D        | Killed an orc sorcerer
  1923 | D        | Found Palyfit's General Store.
  1928 | D        | Killed an orc sorcerer
  1930 | D        | Found Ukit Itruo's Magic Scroll Shop.
  1934 | D        | Noticed an orc sorcerer
  1935 | D        | Noticed an orc sorcerer
  1936 | D        | Noticed an orc sorcerer
  1938 | D        | Noticed a soul eater
  1938 | D        | Killed an orc sorcerer
  1938 | D        | Killed an orc sorcerer
  1938 | D        | Killed an orc sorcerer
  2056 | D        | Bought a potion of heal wounds for 60 gold pieces
  2056 | D        | Bought a scroll of immolation for 42 gold pieces
  2056 | D        | Bought a scroll of random uselessness for 12 gold pieces
  2060 | D        | Bought a distressingly furry hat for 234 gold pieces
  2060 | D        | Bought an embroidered cloak for 195 gold pieces
  2065 | D        | Identified the +2 hat "Faeketaom" {rPois rF- Str+4} (You
                  | bought it in a shop in the Dungeon)
  2269 | D        | Noticed a death knight
  2271 | D        | Reached skill level 1 in Armour
  2273 | D        | Noticed an ettin
  2275 | D        | Killed a death knight
  2275 | D        | Reached skill level 3 in Armour
  2277 | D        | Reached skill level 4 in Armour
  2279 | D        | Noticed an ettin
  2283 | D        | Noticed an ettin
  2286 | D        | Noticed a tengu warrior
  2286 | D        | Killed an ettin
  2286 | D        | Reached skill level 6 in Armour
  2288 | D        | Reached skill level 7 in Armour
  2292 | D        | Killed an ettin
  2292 | D        | Reached skill level 8 in Armour
  2292 | D        | Reached XP level 12. HP: 123/133 MP: 20/20
  2292 | D        | Noticed an ettin
  2294 | D        | Killed an ettin
  2294 | D        | Reached skill level 9 in Armour
  2296 | D        | Killed a tengu warrior
  2298 | D        | HP: 6/133 [ettin/dire flail (50)]
  2304 | D        | Killed an ettin
  2304 | D        | Reached skill level 10 in Armour
  2420 | D        | Noticed Saint Roka
  2438 | D        | Killed Saint Roka
  2438 | D        | Reached skill level 13 in Armour
  2781 | D        | Reached skill level 14 in Armour
  2819 | D        | Reached skill level 15 in Armour
  2822 | D        | Reached XP level 13. HP: 76/141 MP: 21/21
  3081 | D        | Reached skill level 16 in Armour
  3976 | D        | Noticed Urug
  3983 | D        | Killed Urug
  4037 | D        | Noticed Donald
  4051 | D        | Killed Donald
  4051 | D        | Reached skill level 17 in Armour
  4285 | D        | Noticed a fire giant
  4285 | D        | Noticed a stone giant
  4285 | D        | Noticed a cyan very ugly thing
  4285 | D        | Noticed a fire dragon
  4291 | D        | Killed a cyan very ugly thing
  4301 | D        | Killed a fire dragon
  4308 | D        | Killed a stone giant
  4309 | D        | Noticed a frost giant
  4313 | D        | Killed a fire giant
  4341 | D        | Killed from afar by a wizard

Skill      XL: |  1  2  3  4  5  6  7  8  9 10 11 12 13 |
---------------+----------------------------------------+-----
Fighting       | 4 5 7 8 9 10 11 12 13 | 13.9
Dodging        | 4 5 7 8 9 10 11 12 13 | 13.9
Unarmed Combat | 6 8 10 11 12 13 14 15 16 | 16.8
Invocations    | 5 6 8 9 11 12 | 12.5
Armour         | 8 15 17 | 17.5
Stealth        | |  1.0

Action                   |  1- 3 |  4- 6 |  7- 9 | 10-12 | 13-15 || total
-------------------------+-------+-------+-------+-------+-------++-------
Melee: Unarmed           |    13 |    29 |    34 |   196 |   117 ||   389
       Punch             |       |     2 |     5 |    35 |    11 ||    53
Invok: Bend Time         |       |     1 |       |       |       ||     1
       Slouch            |       |       |       |    12 |       ||    12
  Use: Potion            |     1 |     3 |       |     8 |     7 ||    19
 Stab: Invisible         |       |     1 |     5 |       |       ||     6
       Sleeping          |       |       |     1 |     1 |       ||     2
       Confused          |       |       |       |       |     1 ||     1
  Eat: Chunk             |     6 |     1 |     2 |    11 |       ||    20
       Ration            |       |       |       |       |     2 ||     2
Armor: Robe              |     4 |     5 |     4 |     9 |       ||    22
       Swamp dragon scal |       |       |       |    16 |    23 ||    39
Dodge: Dodged            |     4 |    18 |    22 |   162 |   121 ||   327
